[Event "Early-Titled-Tuesday-Blitz-November-28-2023"]
[Site "Chess.com"]
[Date "2023.11.28"]
[Round "6"]
[White "JoliyRoger"]
[Black "gpsji27"]
[Result "1-0"]
[WhiteElo "2504"]
[BlackElo "2324"]
[TimeControl "180+1"]
[EndTime "9:15:34 PST"]
[Termination "JoliyRoger won by checkmate"]

1. d4 d5 2. c4 e6 3. Nc3 Nf6 4. Nf3 Be7 5. e3 Nbd7 6. b3 c6 7. Bd3 O-O 8. O-O b6 9. Bb2 Bb7 10.
Qe2 Rc8 11. Rac1 c5 12. cxd5 exd5 13. Rfd1 Bd6 14. Ba6 Bxa6 15. Qxa6 Nb8 16. Qxa7 Nc6 17. Qa6 Nb4 18. Qe2 Ne4 19. a3 Nxc3 20. Rxc3 Nc6 21.
dxc5 bxc5 22. Rcd3 Ne7 23. e4 d4 24. e5 Bb8 25. b4 Ng6 26. Qe4 cxb4 27. Rxd4 Qe7 28. Rxb4 f6 29. Rb7 Qe6 30. Rxg7+ Kh8 31. Rxg6 hxg6 32. Qxg6 Qf7 33. Qxf7 Rxf7 34. exf6 Ba7 35. Ng5 Rb7 36. Be5 Bb8 37. Ba1 Kg8 38. f7+ Kf8 39.
h4 Ba7 40. Be5 Rb3 41. Bd6+ Kg7 42. f8=Q+ Rxf8 43. Bxf8+ Kxf8 44. a4 Rb2 45. Ne4 Ra2 46. Rd8+ Ke7 47. Rc8 Rxa4 48. Ng5 Ra2 49. Nh3 Ra1+ 50.
Kh2 Bd4 51. Rc7+ Kd6 52. Rf7 Ke6 53. Rf8 Be5+ 54. g3 Bd4 55. Kg2 Ra2 56. Rf3 Ke7 57.
Ng5 Ke8 58. Ne4 Ke7 59. h5 Ke6 60. h6 Kd5 61. Ng5 Kd6 62. h7 Ke7 63. Nf7 Bg7 64. h8=Q Bxh8 65. Nxh8 Ra8 66. Ng6+ Ke6 67. Nf4+ Ke5 68.
Nh3 Ke6 69. Re3+ Kf6 70. g4 Kg6 71. Kg3 Ra4 72. f4 Ra1 73. f5+ Kf6 74. Re6+ Kf7 75. Nf4 Kg7 76. Kh4 Ra7 77. Kg5 Kf7 78. Nh5 Ra1 79.
Rf6+ Kg8 80. Rb6 Kf7 81. Rb7+ Kf8 82. Kg6 Ke8 83. f6 Ra6 84. g5 Kf8 85. Rb8# 1-0

[Event "Early-Titled-Tuesday-Blitz-November-28-2023"]
[Site "Chess.com"]
[Date "2023.11.28"]
[Round "6"]
[White "ahkashefi2800"]
[Black "Amirreza_p"]
[Result "1-0"]
[WhiteElo "2565"]
[BlackElo "2725"]
[TimeControl "180+1"]
[EndTime "9:15:36 PST"]
[Termination "ahkashefi2800 won by checkmate"]

1. d4 e6 2. Nf3 d5 3. g3 Nf6 4. Bg2 Be7 5. O-O O-O 6. b3 c5 7.
Bb2 Nc6 8. e3 b6 9. Nbd2 Ba6 10.
Re1 Rc8 11. a3 Na5 12. dxc5 bxc5 13. e4 c4 14. Bxf6 Bxf6 15. e5 Be7 16. b4 c3 17. bxa5 cxd2 18. Qxd2 Qc7 19. Nd4 Qc3 20. Qxc3 Rxc3 21. Bf1 Bxf1 22. Kxf1 Bc5 23. Nb5 Rxc2 24. Re2 Rxe2 25. Kxe2 Rb8 26. a4 a6 27. Nc7 Rb2+ 28.
Kd3 Bxf2 29. Nxa6 f6 30. exf6 gxf6 31. Nc7 Kf7 32. Nb5 Rb3+ 33. Kc2 Rb4 34. a6 Rc4+ 35. Kd3 Rc6 36. Rf1 Ba7 37. Nxa7 Rxa6 38. Nb5 Rxa4 39. Nd6+ Ke7 40. Nc8+ Kf7 41. Nb6 Ra7 42. Kd4 Rb7 43. Kc5 Ke7 44. Kc6 Rb8 45. Kc7 Rf8 46. Re1 d4 47. Nd7 Ra8 48. Nc5 e5 49. Kc6 Ra2 50. Rb1 Kf7 51. h4 Kg6 52. Rf1 Rg2 53.
Nd7 Rxg3 54. Rxf6+ Kg7 55. Rf5 e4 56. Re5 e3 57. Nc5 Rg2 58. Ne6+ Kg6 59. Nxd4 Rd2 60. Rg5+ Kf6 61. Nf3 e2 62. Rg8 Rd3 63. Rf8+ Ke7 64. Rf5 Rxf3 65. Re5+ Kf6 66. Rxe2 Kf5 67. Re7 h5 68. Rf7+ Kg4 69. Rg7+ Kxh4 70. Kd5 Rg3 71. Rh7 Kg5 72. Ke4 Kg4 73. Rg7+ Kh3 74. Rh7 Rg4+ 75. Kf3 h4 76. Rh8 Rg8 77. Rxg8 Kh2 78. Kg4 h3 79. Rh8 Kh1 80. Rxh3+ Kg2 81. Ra3 Kf2 82. Rf3+ Ke2 83.
Kg3 Kd2 84. Kf2 Kc2 85. Ke2 Kb2 86. Kd2 Ka2 87. Kc2 Ka1 88. Ra3# 1-0

[Event "Early-Titled-Tuesday-Blitz-November-28-2023"]
[Site "Chess.com"]
[Date "2023.11.28"]
[Round "6"]
[White "Tsomaia_Nikoloz"]
[Black "parintele_chess"]
[Result "0-1"]
[WhiteElo "2346"]
[BlackElo "2204"]
[TimeControl "180+1"]
[EndTime "9:15:47 PST"]
[Termination "parintele_chess won by resignation"]

1. e4 c5 2. Nf3 Nc6 3. Bb5 e6 4. O-O Nge7 5. Re1 a6 6. Bf1 g6 7.
c3 Bg7 8. d4 cxd4 9. cxd4 d5 10. e5 O-O 11. Nc3 Nf5 12. Bg5 Qb6 13. Na4 Qa7 14. Be3 Nxe3 15. fxe3 Bd7 16. Rc1 Rfc8 17. a3 Bf8 18. Nc5 b6 19. Nxa6 Qb7 20. Qe2 Na5 21.
Nb4 Nc4 22. Nd3 Be7 23. Qf2 Rc7 24. Nd2 Rf8 25. Nxc4 dxc4 26. Nf4 b5 27. Qg3 Bc6 28.
Be2 Kh8 29. Bf3 Bxf3 30. Qxf3 Qxf3 31. gxf3 b4 32. axb4 Bxb4 33. Re2 Ra8 34. Rec2 Ra2 35. Rxc4 Rxc4 36. Rxc4 Bd2 37. Ng2 Rxb2 38. e4 Rb1+ 39.
Kf2 Rb2 40. Kg3 h5 41. d5 exd5 42. exd5 Kg7 43. d6 Rb5 44. f4 Rd5 45. Rc7 Rd3+ 46.
Kf2 Ba5 47. Ke2 Rd2+ 48. Kf3 Bxc7 49. dxc7 Rc2 50. Ne3 Rxc7 51. h4 Rc3 52. Ke4 Ra3 53. Kf3 Rb3 54. Ke4 Rb4+ 55. Kf3 Ra4 56. Ke2 f6 57. e6 Re4 58. Kf3 Rxe6 59. Nd5 Ra6 60. Ne3 Kf7 61. Ke4 Re6+ 62. Kf3 Rxe3+ 63. Kxe3 Ke6 64.
Ke4 f5+ 65. Ke3 Kd5 66. Kd3 Kc5 67. Kc3 Kd5 68. Kd3 Ke6 69. Kc4 Kd6 70. Kd4 Ke6 71. Kc4 Kd6 72. Kd4 Ke6 73. Kc5 Kf6 74. Kd6 Kf7 75.
Kd7 Kf6 76. Ke8 Ke6 77. Kf8 Kd5 78. Kf7 Ke4 79. Kxg6 Kxf4 80. Kxh5 Kg3 81. Kg5 f4 82. h5 f3 83. h6 f2 84. h7 f1=Q 85. h8=Q Qf4+ 86. Kg6 Qg4+ 87. Kf7 Qf4+ 88. Ke6 Qe4+ 89. Kd6 Qf4+ 90. Kd5 Qf3+ 91. Kd6 Qf4+ 92. Kc5 Qc1+ 93.
Kb4 Qd2+ 94. Kc4 Qc2+ 95. Kd4 Qb2+ 96. Ke4 Qxh8 97. Ke3 Qf6 98. Ke4 Qf4+ 99. Kd5 Qe3 100. Kd6 Qe4 0-1

[Event "Early-Titled-Tuesday-Blitz-November-28-2023"]
[Site "Chess.com"]
[Date "2023.11.28"]
[Round "6"]
[White "SaqoChess_Twitch"]
[Black "OhanyanEminChess"]
[Result "0-1"]
[WhiteElo "2636"]
[BlackElo "2845"]
[TimeControl "180+1"]
[EndTime "9:15:49 PST"]
[Termination "OhanyanEminChess won on time"]

1. d4 Nf6 2. c4 Ng8 3. Nc3 d6 4. Nf3 Nd7 5. e4 g6 6. Be2 Bg7 7. Be3 e5 8. Qd2 Ne7 9. h4 h5 10. dxe5 Nxe5 11. Nxe5 Bxe5 12. Nd5 c6 13. Nf4 Bg4 14.
Bxg4 hxg4 15. h5 gxh5 16. Nxh5 Ng6 17. Bg5 f6 18. Be3 Qe7 19. O-O-O Kf7 20. f4 gxf3 21. gxf3 d5 22. exd5 Rad8 23. f4 Bc7 24. Ng3 cxd5 25. Rxh8 Rxh8 26. Qxd5+ Qe6 27. Qxe6+ Kxe6 28.
f5+ Ke7 29. Bc5+ Ke8 30. Ne4 Ne5 31. Nxf6+ Kf7 32. Nd5 Bb8 33. Bd4 Rh4 34. Bxe5 Bxe5 35. b3 Bg7 36. Kc2 Bh6 37. Rf1 Rh2+ 38. Kd3 Rxa2 39. Re1 Bf8 40. Re6 Rf2 41. Rf6+ Kg7 42.
Ke3 Rf1 43. Rg6+ Kf7 44. Rf6+ Kg7 45. Ke4 Re1+ 46. Kf4 Rf1+ 47. Ke4 Re1+ 48. Kf3 Rf1+ 49. Ke2 Rb1 50. Rg6+ Kf7 51. Rg3 Rh1 52. Kd3 Rf1 53. Ke4 Re1+ 54. Re3 Rh1 55. Rg3 Re1+ 56. Kd3 Rf1 57. Kc3 Rxf5 58. Re3 Bc5 59. Re2 a5 60. Kc2 b6 61. Nc3 Rh5 62. Na4 Bd4 63. Rd2 Be3 64.
Rd3 Rh2+ 65. Kc3 Bg1 66. Rd6 Ke7 67. Rg6 Rh3+ 68. Kc2 Bd4 69. Nxb6 Rc3+ 70. Kd2 Rxb3 71. Nd5+ Kd7 72. Rh6 Kc8 73. Ra6 Ra3 74. Kc2 Kb7 75. Rd6 Bc5 76. Re6 a4 77. Nc3 Bb4 78. Nb5 Ra2+ 79.
Kd3 Ra1 80. c5 Bxc5 81. Kc4 Bf8 82. Rf6 Rc1+ 83. Kd5 Bb4 84. Nd4 Rc5+ 85. Ke4 Rc1 86. Rf7+ Kb6 87. Rf6+ Kb7 88. Rf7+ Kb8 89. Kd5 Rc5+ 90.
Ke6 a3 91. Kd7 Rc7+ 92. Ke8 Rc8+ 93. Kd7 Rc7+ 94. Ke6 Rc4 95. Kd5 Rc5+ 96. Ke6 a2 97. Rf1 Bc3 98. Nb3 Rb5 0-1

[Event "Early-Titled-Tuesday-Blitz-November-28-2023"]
[Site "Chess.com"]
[Date "2023.11.28"]
[Round "6"]
[White "DenLaz"]
[Black "scarabee43"]
[Result "0-1"]
[WhiteElo "3037"]
[BlackElo "2824"]
[TimeControl "180+1"]
[EndTime "9:17:31 PST"]
[Termination "scarabee43 won by resignation"]

1. d4 Nf6 2. c4 e6 3. Nf3 d5 4.
g3 Be7 5. Bg2 O-O 6. O-O c6 7.
Qc2 Nbd7 8. Nbd2 b6 9. e4 dxe4 10. Nxe4 Bb7 11. Rd1 Nxe4 12. Qxe4 Nf6 13. Qe2 Qc8 14.
Bf4 Rd8 15. Rac1 h6 16. h4 Bf8 17. Bh3 Re8 18. Ne5 Nd7 19. Rd3 Nxe5 20. Bxe5 Qd7 21. c5 Ba6 22. b4 Rad8 23. Rcd1 bxc5 24. bxc5 Bxd3 25. Rxd3 f6 26. Bf4 Bxc5 27. Re3 Qxd4 28. Bxe6+ Kh8 29. Qf1 Qd1 30. Re1 Qf3 31. Bb3 Rxe1 32.
Qxe1 Qh5 33. Kg2 Qe8 34. Qa5 Bb6 35. Qf5 Qe2 36. Bxh6 Qxf2+ 37. Qxf2 Bxf2 38. Bf4 Bb6 39. Kf3 Rd3+ 40. Ke4 Rd8 41. Kf5 Kh7 42. h5 c5 43.
Bc2 Kg8 44. Bb3+ Kf8 45. Kg6 Rc8 46. Bc4 Bc7 47. Bd2 Bxg3 48. Be3 Be5 49. Bf2 Bd4 50. Bg3 Rd8 51. Kf5 Be5 52. Bf2 Ke7 53. Bxc5+ Bd6 54. Bf2 Rc8 55. Bb3 Rc3 56. Bxa7 Rg3 57. Bd1 Rg5+ 58.
Ke4 Ra5 59. Bd4 Rxa2 60. Bb3 Rg2 61. Bd1 Rg5 62. Be3 Re5+ 63. Kd3 Bc5 64. Bf4 Rd5+ 65. Kc2 Bd6 66. Be3 f5 67. Bf3 Ra5 68. Bd2 Ra2+ 69.
Kd3 Ra3+ 70. Ke2 Kf6 71. Bc1 Ra2+ 72. Kd3 Ba3 73. Be3 Bb2 74. Bb6 Ra3+ 75. Ke2 Be5 76. Bd8+ Kf7 77. Bd5+ Kf8 78. Bb6 Rh3 79. Bc5+ Ke8 80.
Bf3 Kf7 81. Bb6 Bf6 82. Bd5+ Ke7 83. Bc5+ Kd7 84. Bf3 Ke6 85. Kf2 Rh4 86. Kg3 Rc4 87.
Bf8 Be5+ 88. Kf2 Kf6 89. Ba3 Kg5 90. Be7+ Bf6 91. Bd6 Rc2+ 92. Kg3 Rc4 93. Kg2 f4 94. Kh3 Rc3 95. Kg2 Kf5 96. Bb4 Rc2+ 97. Kh3 Bd4 98. Bg4+ Ke5 99. Bf3 Bf2 100. Kg4 Bc5 101. Ba5 Rc1 102. Bc7+ Bd6 103. Bxd6+ Kxd6 104. Kxf4 Ke6 105. Kg5 Kf7 106. Bd5+ Kf8 107. Be6 Rg1+ 108. Kf5 Rf1+ 109. Kg5 Rf6 110. Bd5 Ke7 111. Bc4 Rc6 112. Bb3 Rb6 113. Bc4 Kf8 114. Ba2 Rh6 115. Bc4 Ke7 116. Ba2 Kd6 117. Bc4 Kc5 118. Bf7 Rf6 119. Bg6 Rf1 120. Bf5 Rg1+ 121. Kf4 Kd6 122. Bd3 Ke6 123. Bc4+ Kf6 124. Be2 Rg2 125. Bf3 Ra2 126. Be4 Ra4 127. Ke3 Kg5 128. Bg6 Ra6 129. Kf3 Rf6+ 130. Kg3 Re6 131. Kf3 Re1 132. Kg3 Rh1 133. Kf3 Rxh5 134. Bxh5 Kxh5 135. Kf4 Kh4 136. Kf3 g5 137. Kg2 Kg4 138. Kf2 Kh3 139. Kg1 Kg3 140. Kh1 g4 141. Kg1 Kf3 142. Kh2 Kf2 143. Kh1 Kg3 144. Kg1 Kh3 145. Kh1 g3 146. Kg1 g2 147. Kf2 Kh2 0-1

[Event "Early-Titled-Tuesday-Blitz-November-28-2023"]
[Site "Chess.com"]
[Date "2023.11.28"]
[Round "7"]
[White "Narek_Ghimoyan"]
[Black "StellarChessPro"]
[Result "1-0"]
[WhiteElo "2322"]
[BlackElo "2519"]
[TimeControl "180+1"]
[EndTime "9:19:38 PST"]
[Termination "Narek_Ghimoyan won by resignation"]

1. e4 g6 2. d4 Bg7 3. Nc3 d6 4. Be3 a6 5. a4 Nd7 6. Qd2 b6 7. Nf3 Bb7 8. Bc4 e6 9. O-O Ne7 10.
Bh6 O-O 11. Bxg7 Kxg7 12. Rad1 h6 13. Rfe1 g5 14. h3 Ng6 15. d5 e5 16. Ne2 Nf6 17.
Ng3 Nf4 18. Nf5+ Kg6 19. g3 Nxh3+ 20. Kg2 Bc8 21. Kxh3 Nxe4 22. Nh4+ Kh7 23. Rxe4 gxh4 24. Qxh6+ 1-0

[Event "Early-Titled-Tuesday-Blitz-November-28-2023"]
[Site "Chess.com"]
[Date "2023.11.28"]
[Round "7"]
[White "Viacheslav92"]
[Black "Arimin1329"]
[Result "1-0"]
[WhiteElo "2563"]
[BlackElo "2389"]
[TimeControl "180+1"]
[EndTime "9:19:45 PST"]
[Termination "Viacheslav92 won by resignation"]

1. e4 c6 2. d4 d5 3. Nc3 dxe4 4. Nxe4 Bf5 5. Ng3 Bg6 6. Nf3 e6 7. h4 h6 8. Ne5 Bh7 9. Qh5 Qc7 10. Bc4 Nf6 11. Qe2 Nd5 12. O-O Nd7 13. Re1 Nxe5 14.
dxe5 Bc5 15. c3 Rd8 16. Ne4 O-O 17. Nxc5 1-0

[Event "Early-Titled-Tuesday-Blitz-November-28-2023"]
[Site "Chess.com"]
[Date "2023.11.28"]
[Round "7"]
[White "A-Fier"]
[Black "ahkashefi2800"]
[Result "0-1"]
[WhiteElo "2738"]
[BlackElo "2578"]
[TimeControl "180+1"]
[EndTime "9:20:15 PST"]
[Termination "ahkashefi2800 won by resignation"]

1. Nf3 d5 2. g3 Nf6 3. Bg2 c6 4. O-O Bf5 5. d3 e6 6. Nh4 Bg6 7. Nxg6 hxg6 8. Nd2 Nbd7 9. e4 Bc5 10. h3 Qc7 11.
Kh2 Ne5 12. Nb3 Neg4+ 13. Kh1 Nxf2+ 14. Rxf2 Bxf2 15. Bf4 e5 16. Bg5 dxe4 17. dxe4 Bxg3 18. Qf1 Bf4 19. Bxf6 gxf6 20. Nc5 O-O-O 0-1

[Event "Early-Titled-Tuesday-Blitz-November-28-2023"]
[Site "Chess.com"]
[Date "2023.11.28"]
[Round "7"]
[White "stratacticos"]
[Black "carloseduar100"]
[Result "1-0"]
[WhiteElo "1758"]
[BlackElo "2271"]
[TimeControl "180+1"]
[EndTime "9:20:19 PST"]
[Termination "stratacticos won by checkmate"]

1. e4 e6 2. d4 d5 3. e5 c5 4. c3 Nc6 5. Nf3 Qb6 6. Bd3 Bd7 7. O-O cxd4 8. a3 dxc3 9. Nxc3 g6 10. b4 Bg7 11.
Re1 a6 12. b5 axb5 13. Nxb5 Nge7 14. Nd6+ Kf8 15. Rb1 Qd8 16. Rxb7 Nxe5 17. Nxe5 Ba4 18. Qf3 Bxe5 19. Qxf7# 1-0

[Event "Early-Titled-Tuesday-Blitz-November-28-2023"]
[Site "Chess.com"]
[Date "2023.11.28"]
[Round "7"]
[White "Politov_Pavel"]
[Black "Suspenser17"]
[Result "1-0"]
[WhiteElo "2133"]
[BlackElo "2325"]
[TimeControl "180+1"]
[EndTime "9:20:21 PST"]
[Termination "Politov_Pavel won by checkmate"]

1. d4 d5 2. c4 c6 3. Nf3 Nf6 4. Nc3 e6 5. Bg5 h6 6. Bxf6 Qxf6 7. e3 g6 8. Bd3 Bg7 9. Rc1 O-O 10. h4 Qe7 11. Bb1 dxc4 12. h5 g5 13. a4 Nd7 14.
Qe2 Qb4 15. Qc2 a6 16. Qh7# 1-0

[Event "Early-Titled-Tuesday-Blitz-November-28-2023"]
[Site "Chess.com"]
[Date "2023.11.28"]
[Round "7"]
[White "JSPrepz"]
[Black "SashaKuzhilniy"]
[Result "1-0"]
[WhiteElo "2843"]
[BlackElo "2630"]
[TimeControl "180+1"]
[EndTime "9:20:40 PST"]
[Termination "JSPrepz won by resignation"]

1. e4 e5 2. Nf3 Nc6 3. Nc3 Nf6 4. a3 d5 5. Bb5 Nxe4 6. Nxe5 Qd6 7. d4 Nxc3 8. bxc3 Be7 9. Bf4 Qf6 10. Bg3 O-O 11.
O-O Bd6 12. Nxc6 Bxg3 13. fxg3 Qh6 14. Ne7+ Kh8 15. Nxc8 Raxc8 16. Bd3 Rce8 17. Qf3 c6 18.
Rae1 f6 19. Qf2 1-0

[Event "Early-Titled-Tuesday-Blitz-November-28-2023"]
[Site "Chess.com"]
[Date "2023.11.28"]
[Round "7"]
[White "Willi_Skibbe"]
[Black "mortngabriel"]
[Result "0-1"]
[WhiteElo "2277"]
[BlackElo "2494"]
[TimeControl "180+1"]
[EndTime "9:20:56 PST"]
[Termination "mortngabriel won by resignation"]

1. d4 d5 2. Bf4 Nf6 3. e3 e6 4. Nd2 c5 5. c3 Nc6 6. Ngf3 cxd4 7. exd4 Nh5 8. Bg5 f6 9. Be3 Bd6 10. g3 O-O 11. Bd3 Qe8 12. Qe2 e5 13. dxe5 fxe5 14. Ng5 e4 15. Ndxe4 dxe4 16. Bc4+ Kh8 17. Bf7 Rxf7 18.
Qxh5 g6 19. Nxf7+ Qxf7 20. Bd4+ Nxd4 21. cxd4 gxh5 0-1

[Event "Early-Titled-Tuesday-Blitz-November-28-2023"]
[Site "Chess.com"]
[Date "2023.11.28"]
[Round "7"]
[White "vovachesss"]
[Black "Emp3rador"]
[Result "1-0"]
[WhiteElo "2860"]
[BlackElo "2587"]
[TimeControl "180+1"]
[EndTime "9:21:00 PST"]
[Termination "vovachesss won by resignation"]

1. d4 d5 2. c4 c6 3. Nf3 Nf6 4. Nbd2 g6 5. e3 Bg7 6. Be2 O-O 7. O-O a6 8. b4 b5 9. cxd5 cxd5 10. a4 Nc6 11. axb5 Nxb4 12. Ba3 Qa5 13. Qb1 1-0

[Event "Early-Titled-Tuesday-Blitz-November-28-2023"]
[Site "Chess.com"]
[Date "2023.11.28"]
[Round "7"]
[White "DDTerziev04"]
[Black "AC_20"]
[Result "1-0"]
[WhiteElo "2150"]
[BlackElo "2347"]
[TimeControl "180+1"]
[EndTime "9:21:10 PST"]
[Termination "DDTerziev04 won by resignation"]

1. e4 e5 2. Nf3 Nc6 3. Bc4 Bc5 4. d3 Nf6 5. O-O d6 6. c3 O-O 7. h3 a6 8. Bb3 Ba7 9. Nbd2 h6 10. Re1 Ne7 11. Nf1 Ng6 12. N3h2 c6 13. Ng3 d5 14.
Qf3 Re8 15. Ng4 Nxg4 16. hxg4 Nh4 17. Qe2 d4 18. Nf5 Qf6 19. g3 Ng6 20. Kg2 Be6 21. Rh1 Rad8 22. g5 hxg5 23. Qh5 Bxf5 24. Bxg5 Bxe4+ 25. dxe4 Qd6 26. Qh7+ Kf8 27. Qh8+ 1-0

[Event "Early-Titled-Tuesday-Blitz-November-28-2023"]
[Site "Chess.com"]
[Date "2023.11.28"]
[Round "7"]
[White "juniortay"]
[Black "Kildepiotr"]
[Result "1-0"]
[WhiteElo "2513"]
[BlackElo "2692"]
[TimeControl "180+1"]
[EndTime "9:21:30 PST"]
[Termination "juniortay won by resignation"]

1. e4 g6 2. Nc3 Bg7 3. f4 c6 4.
Nf3 d5 5. g3 Bg4 6. Bg2 e6 7.
h3 Bxf3 8. Qxf3 Nd7 9. O-O h5 10. f5 dxe4 11. Nxe4 gxf5 12. Nd6+ Kf8 13. Kh1 Qc7 14. Qa3 Ne7 15. d3 Nf6 16. Bf4 Qd7 17. Rae1 Nfd5 18. Bxd5 cxd5 19. Nxf5 exf5 20. Rxe7 Qxe7 21.
Bd6 Bf6 22. Rxf5 1-0

[Event "Early-Titled-Tuesday-Blitz-November-28-2023"]
[Site "Chess.com"]
[Date "2023.11.28"]
[Round "7"]
[White "margarita_2703"]
[Black "defenceboy"]
[Result "0-1"]
[WhiteElo "2362"]
[BlackElo "2859"]
[TimeControl "180+1"]
[EndTime "9:21:43 PST"]
[Termination "defenceboy won by resignation"]

1. e4 e5 2. Nf3 Nc6 3. Bc4 Bc5 4. O-O Nf6 5. d4 Bxd4 6. Nxd4 Nxd4 7. Bg5 Ne6 8. Bxe6 dxe6 9. Qxd8+ Kxd8 10. f4 exf4 11. Rxf4 Ke8 12. Bxf6 gxf6 13. Rxf6 Ke7 14. Rf2 b6 15.
Nc3 Bb7 16. Raf1 Rhf8 17. Rd2 Bc6 18. g3 Rad8 19. Rfd1 Rd6 20. Kf2 h5 21. Ke3 h4 22.
g4 Rg8 23. h3 Rg5 24. Rxd6 cxd6 25. Kf4 f6 26. Ne2 Re5 27. Rd4 b5 28. Nc3 Rc5 29. a3 e5+ 0-1

[Event "Early-Titled-Tuesday-Blitz-November-28-2023"]
[Site "Chess.com"]
[Date "2023.11.28"]
[Round "7"]
[White "Atousa1"]
[Black "grandemestregringo"]
[Result "0-1"]
[WhiteElo "2459"]
[BlackElo "2612"]
[TimeControl "180+1"]
[EndTime "9:21:49 PST"]
[Termination "grandemestregringo won by checkmate"]

1. e4 e5 2. Nf3 Nc6 3. Bb5 f5 4. Nc3 fxe4 5. Nxe4 Nf6 6. Qe2 d5 7. Nxf6+ gxf6 8. d4 e4 9. Bf4 Bd6 10. Bxd6 Qxd6 11.
O-O-O O-O 12. Nh4 Qf4+ 13. Kb1 Qxh4 14. f3 exf3 15. gxf3 Bf5 16. Rhg1+ Kh8 17. Bxc6 bxc6 18. Qe7 Bg6 19. Qxc7 Rab8 20. b3 Qf2 21. Rc1 Bxc2+ 22.
Ka1 Qxd4# 0-1

[Event "Early-Titled-Tuesday-Blitz-November-28-2023"]
[Site "Chess.com"]
[Date "2023.11.28"]
[Round "7"]
[White "Haykoooo0o"]
[Black "mbachez"]
[Result "0-1"]
[WhiteElo "2417"]
[BlackElo "2576"]
[TimeControl "180+1"]
[EndTime "9:22:00 PST"]
[Termination "mbachez won by resignation"]

1. Nf3 d5 2. c4 c6 3. e3 Nf6 4. b3 Bf5 5. Be2 e6 6. O-O Nbd7 7. Bb2 Bd6 8. d3 O-O 9. a3 a5 10. Nbd2 h6 11. Re1 Qb8 12. Bf1 Bh7 13. e4 dxe4 14.
Nxe4 Nxe4 15. dxe4 Ne5 16. c5 Nxf3+ 17. Qxf3 Bxh2+ 18.
Kh1 Be5 19. Bxe5 Qxe5 20. Rac1 Rfd8 21. Qe3 Rd4 22. f3 Rad8 23. Rc4 Rd2 24. b4 a4 25. Rcc1 Bg6 26. Kg1 Kh7 27. Re2 R2d3 28. Qf2 Rxa3 29.
f4 Qd4 30. f5 exf5 31. exf5 Bxf5 32. Qxd4 Rxd4 33. Re7 Rd7 34. Re5 Be6 0-1

[Event "Early-Titled-Tuesday-Blitz-November-28-2023"]
[Site "Chess.com"]
[Date "2023.11.28"]
[Round "7"]
[White "Grammnik"]
[Black "karinachess1"]
[Result "0-1"]
[WhiteElo "2320"]
[BlackElo "2577"]
[TimeControl "180+1"]
[EndTime "9:22:01 PST"]
[Termination "karinachess1 won by resignation"]

1. d4 Nf6 2. Nf3 e6 3. c4 d5 4. Nc3 Bb4 5. cxd5 exd5 6. Bg5 h6 7. Bxf6 Qxf6 8. e3 O-O 9. Bd3 c5 10. O-O Be6 11. e4 cxd4 12. e5 Qe7 13. Nxd4 Nc6 14. Nce2 Bc5 15. Rc1 Nxd4 16. Nxd4 Bxd4 17. Bh7+ Kxh7 18. Qxd4 Rfd8 19. f4 Bf5 20. g4 Be4 21. f5 Qg5 22. Rf4 Qxf4 23. Qe3 Qxe3+ 0-1

[Event "Early-Titled-Tuesday-Blitz-November-28-2023"]
[Site "Chess.com"]
[Date "2023.11.28"]
[Round "7"]
[White "Wizard_97"]
[Black "Tobias_Koelle"]
[Result "0-1"]
[WhiteElo "2647"]
[BlackElo "2853"]
[TimeControl "180+1"]
[EndTime "9:22:06 PST"]
[Termination "Tobias_Koelle won by resignation"]

1. e4 g6 2. d4 Bg7 3. Nc3 c6 4.
Nf3 d5 5. e5 Bg4 6. Be2 Nd7 7.
h3 Bxf3 8. Bxf3 e6 9. O-O c5 10. Ne2 cxd4 11. Nxd4 Nxe5 12. c3 Ne7 13. Bg5 O-O 14. Re1 Qd7 15. Qd2 N7c6 16. Be2 Nxd4 17. cxd4 Nc6 18. Be3 Rac8 19. Rac1 a6 20. Rc5 Ne7 21.
Rec1 Nf5 22. b4 Nxe3 23. Qxe3 Bf6 24. Qf4 Rxc5 25. Rxc5 Bd8 26. Rc3 Bb6 27. Bd1 Rc8 28.
Ba4 Qd8 29. Rxc8 Qxc8 30. Qd6 Qc1+ 31. Kh2 Bc7 0-1

[Event "Early-Titled-Tuesday-Blitz-November-28-2023"]
[Site "Chess.com"]
[Date "2023.11.28"]
[Round "7"]
[White "Mistango"]
[Black "simonachess"]
[Result "1-0"]
[WhiteElo "2461"]
[BlackElo "2267"]
[TimeControl "180+1"]
[EndTime "9:22:13 PST"]
[Termination "Mistango won by resignation"]

1. e4 c5 2. Nf3 Nc6 3. d4 cxd4 4. Nxd4 Nf6 5. Nc3 e5 6. Ndb5 d6 7. Bg5 a6 8. Na3 b5 9. Nd5 Be7 10. Bxf6 Bxf6 11. c3 O-O 12. Nc2 Bg5 13. a4 bxa4 14.
Rxa4 Kh8 15. Bc4 f5 16. exf5 Bxf5 17. Nce3 Bd7 18. O-O Ne7 19. Ra1 Ng6 20. Rxa6 Rxa6 21. Bxa6 Nf4 22. Nxf4 exf4 23. Nd5 f3 24. g3 Qa8 25.
Bc4 Re8 26. Nc7 Qc6 27. Nxe8 Qxc4 28. Nxd6 Qg4 29. Nf7+ Kg8 30. Ne5 1-0

[Event "Early-Titled-Tuesday-Blitz-November-28-2023"]
[Site "Chess.com"]
[Date "2023.11.28"]
[Round "7"]
[White "OhanyanEminChess"]
[Black "TigrVShlyape"]
[Result "0-1"]
[WhiteElo "2837"]
[BlackElo "2977"]
[TimeControl "180+1"]
[EndTime "9:22:17 PST"]
[Termination "TigrVShlyape won by resignation"]

1. Nf3 Nf6 2. c4 c6 3. g3 g6 4. Bg2 Bg7 5. O-O O-O 6. d4 d5 7. cxd5 cxd5 8. Nc3 e6 9. Bf4 Nc6 10. Rc1 Bd7 11. h4 Rc8 12. e3 Qe7 13. Nb5 Ne8 14.
a3 a6 15. Nc3 Nd6 16. Qe2 Rfd8 17. h5 Be8 18. h6 Bf8 19. g4 f6 20. g5 Nf7 21.
gxf6 Qxf6 22. Na4 Nxd4 23. Nxd4 Bxa4 24. Rxc8 Rxc8 25. Bh3 Re8 26. Bg3 e5 0-1

[Event "Early-Titled-Tuesday-Blitz-November-28-2023"]
[Site "Chess.com"]
[Date "2023.11.28"]
[Round "7"]
[White "parintele_chess"]
[Black "esrosenberg"]
[Result "1/2-1/2"]
[WhiteElo "2208"]
[BlackElo "2388"]
[TimeControl "180+1"]
[EndTime "9:22:19 PST"]
[Termination "Game drawn by agreement"]

1. d4 Nf6 2. Nf3 g6 3. g3 Bg7 4. Bg2 O-O 5. O-O d5 6. b3 c6 7.
c4 a5 8. a4 Na6 9. Ba3 Re8 10.
Ne5 Bf5 11. Nd2 Nb4 12. Bxb4 axb4 13. cxd5 cxd5 14. Rc1 Ne4 15. Nxe4 Bxe4 16. Bxe4 dxe4 17. Rc4 Qd6 18. Qc2 Bxe5 19. dxe5 Qxe5 20. Rxe4 Qc3 21. Qxc3 bxc3 22. Rc4 Rac8 23. Rc1 Rxc4 24. bxc4 Ra8 25. Rxc3 Rxa4 26. Rb3 Rxc4 27. Rxb7 e6 28. e3 h5 29. h4 Kg7 30. Kg2 Rc2 31. Ra7 Rb2 32. Rc7 Ra2 1/2-1/2

[Event "Early-Titled-Tuesday-Blitz-November-28-2023"]
[Site "Chess.com"]
[Date "2023.11.28"]
[Round "7"]
[White "LimeInTheCoconut"]
[Black "PawnEatingZombie"]
[Result "1-0"]
[WhiteElo "2394"]
[BlackElo "2179"]
[TimeControl "180+1"]
[EndTime "9:22:23 PST"]
[Termination "LimeInTheCoconut won by resignation"]

1. e4 e6 2. d4 d5 3. Nc3 Nf6 4. Bg5 h6 5. Bxf6 Qxf6 6. exd5 Bb4 7. dxe6 Bxe6 8. Nf3 O-O 9. Be2 c5 10. O-O Rd8 11.
Ne4 Qf4 12. a3 Qxe4 13. axb4 cxd4 14. Bd3 Qf4 15. Re1 Nc6 16. b5 Nb4 17. Re4 Qf6 18.
Rxd4 Rxd4 19. Nxd4 Bd5 20. Bf1 Qg6 21. c3 Na2 22. c4 1-0

[Event "Early-Titled-Tuesday-Blitz-November-28-2023"]
[Site "Chess.com"]
[Date "2023.11.28"]
[Round "7"]
[White "KaydenTroffChess"]
[Black "ContrVersia"]
[Result "1-0"]
[WhiteElo "2795"]
[BlackElo "2870"]
[TimeControl "180+1"]
[EndTime "9:22:29 PST"]
[Termination "KaydenTroffChess won by resignation"]

1. d4 Nf6 2. Nf3 c5 3. dxc5 e6 4. Be3 Na6 5. g3 Nxc5 6. Bg2 d5 7. O-O b5 8. Nbd2 Bb7 9. Ne5 Bd6 10. Nd3 Na4 11. c4 a6 12. Rc1 Ne4 13. c5 Nxd2 14.
Qxd2 Bc7 15. b3 Ba5 16. Qc2 1-0

[Event "Early-Titled-Tuesday-Blitz-November-28-2023"]
[Site "Chess.com"]
[Date "2023.11.28"]
[Round "7"]
[White "GatoRojo150"]
[Black "Alexsur1981"]
[Result "0-1"]
[WhiteElo "2612"]
[BlackElo "2871"]
[TimeControl "180+1"]
[EndTime "9:22:30 PST"]
[Termination "Alexsur1981 won by checkmate"]

1. e4 c5 2. Nf3 e6 3. Nc3 Nc6 4. d4 cxd4 5. Nxd4 Nf6 6. Ndb5 Bc5 7. Bf4 O-O 8. Bc7 Qe7 9. Bd6 Bxd6 10. Qxd6 Qd8 11.
O-O-O a6 12. Nd4 Na5 13. h4 b5 14. h5 h6 15. Bd3 Bb7 16. g4 Rc8 17. Rhg1 Rxc3 18.
bxc3 Nxe4 19. Bxe4 Bxe4 20. Qe5 d5 21. g5 Nc4 22. Qg3 Qa5 23. Rdf1 Qxa2 24. Kd1 Bxc2+ 25. Nxc2 Qb1+ 26. Ke2 Qxc2+ 27. Kf3 Qe4# 0-1